[Event "3rd Manaus Open 2024"]
[Site "Manaus"]
[Date "2024.10.17"]
[Round "8.4"]
[White "Do Valle Cardoso, Lucas"]
[Black "Santiago, Yago De Moura"]
[Result "1-0"]
[ECO "D02"]
[WhiteElo "2375"]
[BlackElo "2460"]
[Annotator "RC"]
[PlyCount "109"]
[EventDate "2024.10.05"]
[EventType "swiss"]
[EventCountry "BRA"]
[SourceTitle "playchess.com"]
[Source "ChessBase"]
[SourceQuality "1"]
[TimeControl "5400+30"]

1. Nf3 d5 2. g3 g6 3. Bg2 Bg7 4. d4 Nf6 5. O-O O-O 6. a4 c6 7. a5 Ne4 8. c4 dxc4 9. Qc2 Nd6 10. Nbd2 Bf5 11. Qa4 Na6 12. Nxc4 Be4 13. Rd1 b5 14. axb6 axb6 15. Nxd6 exd6 16. Bg5 Qc7 17. Bf4 Rfe8 18. Qa3 Bf8 19. Rac1 Bd5 20. Nd2 Bxg2 21. Kxg2 Qb7 22. Qf3 d5 23. e4 Nb4 24. Be5 Re6 25. exd5 Nxd5 26. Ne4 h6 27. h4 Qe7 28. Nc3 Nb4 29. Bf4 Rd8 30. d5 cxd5 31. Nxd5 Nxd5 32. Rxd5 Rxd5 33. Qxd5 Re1 34. Rc7 Qe6 35. Qxe6 Rxe6 36. Rc8 Kg7 37. Bxh6+ Kxh6 38. Rxf8 Kg7 39. Rb8 Rd6 40. Rb7 Kf6 41. g4 g5 42. hxg5+ Kxg5 43. Kg3 f5 44. f4+ Kg6 45. g5 Rd3+ 46. Kh4 Rb3 47. Rc7 Rxb2 48. Rc6+ Kg7 49. Rf6 Rb5 50. Kh5 Ra5 51. Rxb6 Ra7 52. Rg6+ Kh7 53. Rf6 Ra5 54. Rf7+ Kg8 55. Kg6 1-0

[Event "3rd Manaus Open 2024"]
[Site "Manaus"]
[Date "2024.10.17"]
[Round "8.5"]
[White "Molina, Roberto Junio Brito"]
[Black "Matsuura, Everaldo"]
[Result "1/2-1/2"]
[ECO "D52"]
[WhiteElo "2381"]
[BlackElo "2357"]
[Annotator "RC"]
[PlyCount "58"]
[EventDate "2024.10.05"]
[EventType "swiss"]
[EventCountry "BRA"]
[SourceTitle "playchess.com"]
[Source "ChessBase"]
[SourceQuality "1"]
[TimeControl "5400+30"]

1. d4 d5 2. c4 c6 3. Nf3 Nf6 4. Nc3 e6 5. Bg5 Nbd7 6. e3 Qa5 7. Nd2 Bb4 8. Qc2 O-O 9. Be2 e5 10. O-O exd4 11. Nb3 Qc7 12. Nxd4 Bd6 13. cxd5 Bxh2+ 14. Kh1 Be5 15. dxc6 bxc6 16. Nf3 Bxc3 17. Qxc3 Ne4 18. Qc2 Nxg5 19. Nxg5 Nf6 20. Rac1 Rb8 21. Qxc6 Qxc6 22. Rxc6 h6 23. Nf3 Rxb2 24. Bc4 Ng4 25. Kg1 Bb7 26. Rd6 a5 27. Rd4 h5 28. Rd2 Rxd2 29. Nxd2 Ne5 1/2-1/2

[Event "3rd Manaus Open 2024"]
[Site "Manaus"]
[Date "2024.10.17"]
[Round "8.6"]
[White "Quintiliano, Renato R."]
[Black "Ribeiro, Matheus Mendes Domin"]
[Result "1-0"]
[ECO "E04"]
[WhiteElo "2513"]
[BlackElo "2250"]
[Annotator "TA"]
[PlyCount "67"]
[EventDate "2024.10.05"]
[EventType "swiss"]
[EventCountry "BRA"]
[SourceTitle "playchess.com"]
[Source "ChessBase"]
[SourceQuality "1"]
[TimeControl "5400+30"]

1. d4 d5 2. Nf3 Nf6 3. g3 e6 4. Bg2 c5 5. c4 dxc4 6. O-O Nc6 7. Qa4 Bd7 8. Qxc4 b5 9. Qd3 c4 10. Qd1 Rc8 11. Bf4 Be7 12. Nc3 a6 13. a3 {[%emt 0:01:18] White has an edge.} O-O 14. e4 {[%emt 0:02:06] d5 is the strong threat.} Na5 15. Qe2 Nb3 16. Rad1 Qb6 17. d5 Bc5 {[%emt 0:07:18] [#]} 18. d6 ({Better is} 18. dxe6 $1 $16 Bxe6 19. e5) 18... Bc6 $11 19. e5 Nd5 {[%emt 0:03:06] [#] White stays focused until the end.} (19... Nd7 $1 $11 {and Black stays safe.}) 20. Nxd5 $1 $18 Bxd5 {[%emt 0:02:43] [#]} 21. Rxd5 exd5 22. Ng5 Rce8 (22... Qb7 23. e6 h6) 23. Qh5 {[%emt 0:11:04][%csl Gg5][%cal Rh5h7] White is clearly winning.} ({Not} 23. Qc2 g6 $18) 23... h6 {[%emt 0:01:46] [#]} 24. Nxf7 $1 Qb7 {[%emt 0:02:38] [#]} 25. e6 $1 Rxe6 {[%emt 0:00:46] [#]} 26. Nxh6+ $1 gxh6 27. Bxd5 Qf7 {[%emt 0:03:25] Prevents Qg6+} 28. Qg4+ Kh7 {[%emt 0:00:28][%cal Ob3d4] And now ...Nd4! would win.} 29. Bxe6 {[%emt 0:00:08] This pair of bishops is nice.} ({But not} 29. Qxe6 Qxe6 30. Bxe6 Nd4 $18) 29... Qf6 (29... Qg6 $142 30. d7 Nd4) 30. Bd5 Nd4 31. Re1 Nf5 {[%emt 0:01:24] Repels Re7+} 32. Be4 {[%emt 0:01:36] Bxf5+ would kill now.} Qg6 33. Qxg6+ Kxg6 34. g4 {[%emt 0:19:21] Weighted Error Value: White=0.47/Black=0.39.  Loses game:     	---       	Black=1      Mistake:       	White=1     	Black=2      Inaccurate:     	---       	Black=3      OK:         	White=5     	Black=5      Best:        	White=3     	Black=1      Strong:       	White=1     	---        Brilliant:      	White=1     	---} 1-0

[Event "3rd Manaus Open 2024"]
[Site "Manaus"]
[Date "2024.10.16"]
[Round "8.7"]
[White "Flom, Gabriel"]
[Black "Da Silva, Lucas Fabricio De O"]
[Result "*"]
[ECO "D17"]
[WhiteElo "2460"]
[BlackElo "1802"]
[Annotator "TA"]
[PlyCount "63"]
[EventDate "2024.10.05"]
[EventType "swiss"]
[EventCountry "BRA"]
[SourceTitle "playchess.com"]
[Source "ChessBase"]
[SourceQuality "1"]
[TimeControl "5400+30"]

1. d4 d5 2. c4 c6 3. Nc3 Nf6 4. Nf3 dxc4 5. a4 Bf5 6. Ne5 Nbd7 7. Nxc4 Qc7 8. g3 e5 9. dxe5 Nxe5 10. Bf4 Nfd7 11. Bg2 g5 12. Ne3 gxf4 13. Nxf5 O-O-O {[%emt 0:09:03][%cal Of4f3] White has an edge.} 14. O-O fxg3 15. hxg3 Nf6 16. Qc2 Nfg4 17. Rfd1 Bc5 18. Ne4 Bb6 19. e3 {[%emt 0:01:52] [#] b4 is the strong threat. The board is on fire. White is more active.} h5 (19... Rxd1+ $16 20. Qxd1 Rd8) 20. b4 $18 {[%emt 0:05:59] Black must now prevent a5.} a5 $2 (20... Rxd1+ {is more resistant.} 21. Rxd1 a6) 21. bxa5 Rxd1+ 22. Rxd1 Bxa5 23. Ned6+ Kb8 24. Rb1 b6 25. f4 Nd7 26. Nc4 Ka7 27. Nxa5 bxa5 28. Nd4 {[%emt 0:01:00] White mates.} Qd6 29. Nxc6+ Ka8 30. Nd8+ Ka7 31. Rb7+ Ka6 32. Qc4# {[%emt 0:00:06] Black got outplayed after the opening.   Weighted Error Value: White=0.03 (flawless) /Black=0.76.  Mistake:       	---       	Black=2      Inaccurate:     	---       	Black=2      OK:         	White=5     	Black=4      Best:        	White=1     	---} *

[Event "3rd Manaus Open 2024"]
[Site "Manaus"]
[Date "2024.10.17"]
[Round "8.7"]
[White "Flom, Gabriel"]
[Black "Da Silva, Lucas Fabricio De O"]
[Result "1-0"]
[ECO "D17"]
[WhiteElo "2460"]
[BlackElo "1802"]
[Annotator "RC"]
[PlyCount "63"]
[EventDate "2024.10.05"]
[EventType "swiss"]
[EventCountry "BRA"]
[SourceTitle "playchess.com"]
[Source "ChessBase"]
[SourceQuality "1"]
[TimeControl "5400+30"]

1. d4 d5 2. c4 c6 3. Nc3 Nf6 4. Nf3 dxc4 5. a4 Bf5 6. Ne5 Nbd7 7. Nxc4 Qc7 8. g3 e5 9. dxe5 Nxe5 10. Bf4 Nfd7 11. Bg2 g5 12. Ne3 gxf4 13. Nxf5 O-O-O 14. O-O fxg3 15. hxg3 Nf6 16. Qc2 Nfg4 17. Rfd1 Bc5 18. Ne4 Bb6 19. e3 h5 20. b4 a5 21. bxa5 Rxd1+ 22. Rxd1 Bxa5 23. Ned6+ Kb8 24. Rb1 b6 25. f4 Nd7 26. Nc4 Ka7 27. Nxa5 bxa5 28. Nd4 Qd6 29. Nxc6+ Ka8 30. Nd8+ Ka7 31. Rb7+ Ka6 32. Qc4# 1-0

[Event "3rd Manaus Open 2024"]
[Site "Manaus"]
[Date "2024.10.17"]
[Round "8.8"]
[White "Souza Neves, Andrey M."]
[Black "Hoffman, Alejandro"]
[Result "0-1"]
[ECO "B51"]
[WhiteElo "2154"]
[BlackElo "2356"]
[Annotator "RC"]
[PlyCount "62"]
[EventDate "2024.10.05"]
[EventType "swiss"]
[EventCountry "BRA"]
[SourceTitle "playchess.com"]
[Source "ChessBase"]
[SourceQuality "1"]
[TimeControl "5400+30"]

1. e4 c5 2. Nf3 d6 3. Bb5+ Nc6 4. O-O Bd7 5. c3 a6 6. Ba4 Nf6 7. Bc2 e5 8. d4 Be7 9. d5 Nb8 10. h3 O-O 11. a4 Ne8 12. Nbd2 g6 13. Nc4 f5 14. Bh6 Rf7 15. exf5 gxf5 16. Nfxe5 dxe5 17. Nxe5 Rf6 18. Qd2 Nd6 19. Rae1 Be8 20. Bg5 Nd7 21. g4 Nxe5 22. Rxe5 Nc4 23. Qe2 Nxe5 24. Qxe5 Rf7 25. Bf4 Bf6 26. Qxf5 Bxc3 27. Qe6 Bxb2 28. d6 Qf6 29. Bb3 Qxf4 30. d7 Bxd7 31. Qxd7 c4 0-1

[Event "3rd Manaus Open 2024"]
[Site "Manaus"]
[Date "2024.10.17"]
[Round "8.9"]
[White "Perdomo, Leandro"]
[Black "Gauche, Charles"]
[Result "1/2-1/2"]
[ECO "A80"]
[WhiteElo "2356"]
[BlackElo "2168"]
[Annotator "RC"]
[PlyCount "94"]
[EventDate "2024.10.05"]
[EventType "swiss"]
[EventCountry "BRA"]
[SourceTitle "playchess.com"]
[Source "ChessBase"]
[SourceQuality "1"]
[TimeControl "5400+30"]

1. d4 f5 2. Bg5 Nf6 3. Bxf6 exf6 4. e3 d5 5. c4 c6 6. cxd5 Qxd5 7. Nc3 Qf7 8. Bd3 Bd6 9. Qc2 g6 10. Nge2 O-O 11. O-O Be6 12. e4 fxe4 13. Nxe4 Qc7 14. f4 Be7 15. Nc5 Bxc5 16. dxc5 Na6 17. a3 Bf7 18. Ng3 f5 19. Qc3 Bd5 20. Rae1 Qf7 21. Re5 Rae8 22. Rfe1 Rxe5 23. Rxe5 Nc7 24. Nf1 Ne6 25. g3 Nc7 26. Ne3 Be6 27. Nc4 Nb5 28. Qb4 Qd7 29. Nd6 a5 30. Qe1 Nxd6 31. cxd6 Qxd6 32. Rxe6 Qxd3 33. Re7 Qd4+ 34. Kf1 Qc4+ 35. Kg2 Qd5+ 36. Kh3 Rf7 37. Re5 Qf3 38. Rxa5 Kg7 39. Re5 Kh6 40. Re7 Rxe7 41. Qxe7 b5 42. Qg5+ Kg7 43. Qe7+ Kh6 44. b4 Qg4+ 45. Kg2 Qd1 46. Qg5+ Kg7 47. Qe7+ Kh6 1/2-1/2

[Event "3rd Manaus Open 2024"]
[Site "Manaus"]
[Date "2024.10.17"]
[Round "8.10"]
[White "Lira, Suan Bruno Fernandes"]
[Black "Piccoli, Lucas Fonseca"]
[Result "1/2-1/2"]
[ECO "B15"]
[WhiteElo "2037"]
[BlackElo "2266"]
[Annotator "RC"]
[PlyCount "148"]
[EventDate "2024.10.05"]
[EventType "swiss"]
[EventCountry "BRA"]
[SourceTitle "playchess.com"]
[Source "ChessBase"]
[SourceQuality "1"]
[TimeControl "5400+30"]

1. e4 c6 2. d4 d5 3. Nc3 dxe4 4. Nxe4 Nf6 5. Nxf6+ exf6 6. c3 Bd6 7. Bd3 O-O 8. Ne2 Re8 9. Qc2 h5 10. O-O h4 11. h3 Nd7 12. Be3 Nf8 13. Rad1 Bd7 14. Rfe1 Qc8 15. Nf4 f5 16. c4 Nh7 17. c5 Bxf4 18. Bxf4 Be6 19. d5 cxd5 20. Be5 f6 21. Bd4 Ng5 22. f3 f4 23. Qf2 Bxh3 24. Qxh4 Rxe1+ 25. Rxe1 Bf5 26. Bb5 Qc7 27. Ba4 Ne6 28. Bb3 Rd8 29. Qh5 Qf7 30. Qxf5 Nxd4 31. Qxf4 Nxb3 32. axb3 d4 33. Rd1 Qd5 34. b4 a6 35. b3 d3 36. Qc4 Qxc4 37. bxc4 Rd4 38. b5 Rxc4 39. bxa6 bxa6 40. Rxd3 Rxc5 41. Rd7 Kh7 42. Ra7 Rc6 43. Kf2 f5 44. Ke3 Kg6 45. Kd4 Kh6 46. Ke5 g6 47. Kf4 Re6 48. g4 fxg4 49. Kxg4 Rb6 50. f4 Rf6 51. Kg3 g5 52. fxg5+ Kxg5 53. Ra8 Kf5 54. Kf3 Ke5+ 55. Ke3 Kd5 56. Rc8 Rb6 57. Kd3 a5 58. Kc3 Rb4 59. Ra8 Rb5 60. Rc8 Kd6 61. Kc4 Rb4+ 62. Kc3 Rb5 63. Kc4 Rf5 64. Kb3 Kd7 65. Rc1 Rf4 66. Rc4 Rxc4 67. Kxc4 Kc6 68. Kb3 Kb5 69. Ka2 Kb4 70. Ka1 a4 71. Ka2 a3 72. Ka1 Kb3 73. Kb1 a2+ 74. Ka1 Ka3 1/2-1/2